[Event "Romanian Rapid Open 2022"]
[Site "Sebes"]
[Date "2022.12.02"]
[Round "2.15"]
[White "Sfarlog, Tudor-Vlad"]
[Black "Coicev, Matei-Andrei"]
[Result "1/2-1/2"]
[ECO "E17"]
[WhiteElo "2283"]
[BlackElo "2009"]
[Annotator "TA"]
[PlyCount "75"]
[EventDate "2022.12.02"]
[EventType "rapid"]
[EventCountry "ROU"]
[SourceTitle "playchess.com"]
[Source "ChessBase"]
[SourceQuality "1"]
[TimeControl "600+5"]

1. Nf3 Nf6 2. c4 e6 3. g3 b6 4. Bg2 Bb7 5. O-O Be7 6. Nc3 O-O 7. Re1 d5 8. cxd5 exd5 9. d4 Ne4 10. Bf4 Nd7 11. Rc1 {[%emt 0:00:09][%cal Of4c7,Ba1c1,Bc1c4,Bc4c6][%mdl 32] Black should prevent Bxc7! E17: Queen's Indian: 4 g3 Bb7 5 Bg2 Be7.} (11. Qb3 $5 ) 11... Nxc3 12. bxc3 Nf6 {[%emt 0:00:15] [#]} 13. c4 $146 {[%emt 0:02:24] The position is equal.} ({Predecessor:} 13. Ne5 c5 14. c4 cxd4 15. cxd5 Bxd5 16. Nc6 Bxc6 17. Bxc6 Rc8 18. Rc4 b5 19. Bxb5 {½-½ (49) Bogner,S (2584)-Klauser,M (2385) Leukerbad 2019}) 13... dxc4 14. Rxc4 Nd5 (14... c5 $11 {remains equal.}) 15. Ne5 $16 Rb8 16. Bc1 (16. Bd2 $16) 16... Bf6 (16... b5 $11 {keeps the balance.} 17. Rc2 Nb4) 17. Nc6 {[%emt 0:01:05] White has more active pieces. The black rooks are badly placed.} Bxc6 18. Rxc6 Ne7 (18... Nb4 $11) 19. Rc4 (19. Rxf6 {is interesting.} gxf6 20. e4 c5 21. d5) 19... b5 20. Rc2 Bxd4 21. Rd2 (21. Bg5 {simplifies} Bf6 22. Bxf6 gxf6 23. Qxd8 Rfxd8 24. Rxc7 Nc8 25. Rec1) 21... Bc3 22. Rxd8 Rbxd8 23. Bd2 (23. Be3 {simplifies} Rxd1 24. Rxd1 Bb4 25. Rd7) 23... Rxd2 (23... Bxd2 $142 24. Rf1 c6) 24. Qc1 (24. Qb3 $16 b4 25. Rd1) 24... b4 $11 25. Rd1 Rfd8 26. Rxd2 Rxd2 27. Qb1 {[%emt 0:00:09] And now Qe4 would win.} ({Reject} 27. a3 c5 $11) 27... Rxe2 {[%emt 0:00:19] [#] Strongly threatening ...Re1+.} 28. Bf1 Re1 29. Qd3 g6 30. Qd8+ Kg7 31. Qxc7 Nf5 32. Kg2 Nd4 (32... Re7 $14 33. Qc5 Rd7) 33. Bc4 $18 Ne6 34. Qxa7 Re4 35. Bd5 Re5 36. Bxe6 (36. Qb7 $18) 36... Rxe6 $16 37. Qd7 Re2 38. Qd5 {[%emt 0:00:05] Weighted Error Value: White=0.25 (precise) /Black=0.28 (precise)} 1/2-1/2

[Event "Romanian Rapid Open 2022"]
[Site "Sebes"]
[Date "2022.12.02"]
[Round "2.16"]
[White "Nagy-Elek, Tamas"]
[Black "Filip, Lucian-Ioan"]
[Result "0-1"]
[ECO "A17"]
[WhiteElo "1976"]
[BlackElo "2370"]
[Annotator "TA"]
[PlyCount "112"]
[EventDate "2022.12.02"]
[EventType "rapid"]
[EventCountry "ROU"]
[SourceTitle "playchess.com"]
[Source "ChessBase"]
[SourceQuality "1"]
[TimeControl "600+5"]

1. Nf3 Nf6 2. c4 c5 3. Nc3 e6 4. g3 b6 5. Bg2 Bb7 6. O-O a6 7. d3 Be7 8. e4 d6 9. a3 O-O 10. Rb1 Nbd7 11. b4 {[%emt 0:02:21] A17: English Opening: 1...Nf6 with ...Bb4.} Qc7 {[%emt 0:00:02] [#]} 12. Bd2 $146 ({Predecessor:} 12. Bf4 Ne5 13. b5 a5 14. Ne1 Rad8 15. Nc2 Ng6 16. Bg5 h6 17. Bd2 d5 18. Qe2 dxc4 19. dxc4 {0-1 (42) Solovchuk,A (2319)-Fier,A (2569) Chess.com INT 2021}) 12... Rfd8 13. Qe2 {[%emt 0:00:12] White has an edge.} (13. Ne1 {with more complications.} d5 14. bxc5 dxe4 15. cxb6 Qc8 16. Nxe4 Nxe4 17. Bxe4 Bxe4 18. dxe4 Rb8 19. Be3) 13... Rab8 14. Rfc1 Re8 15. d4 cxd4 16. Nxd4 Rbc8 17. Nd1 Qb8 18. Nb2 Qa8 19. Re1 Bf8 20. Rbc1 g6 21. Nd3 (21. Nb3 $11) 21... Bg7 $1 $17 22. Nb3 {[%emt 0:00:10] [#]} h6 (22... Nxe4 $1 $17 {Hoping for ...f5.} 23. Bxe4 d5) 23. f4 {[%emt 0:00:53] [#]} (23. f3 $14) 23... d5 (23... Nxe4 $1 $11 24. Bxe4 d5) 24. cxd5 $16 Rxc1 25. Rxc1 ({Resist} 25. Nbxc1 exd5 26. e5 Ne4 $14) 25... exd5 26. e5 Ne4 27. Nf2 Nf8 (27... Nd6 $16) 28. Nxe4 (28. Be3 $18) 28... dxe4 29. Be3 Bd5 30. Nd2 b5 31. Bf2 f5 {[%emt 0:00:03] [#]} 32. Bc5 (32. exf6 $1 $16 Bxf6 33. Qe3) 32... Ne6 33. Nf1 Bc4 34. Qf2 ({Of course not} 34. Rxc4 bxc4 35. Qxc4 Qc6 $15) 34... Nxc5 35. Qxc5 Qd5 (35... Bf8 $11 36. Qb6 Re6) 36. Qxd5+ Bxd5 37. Ne3 Bf7 38. Rc6 Re6 39. Rxe6 ({Better is} 39. Rc7 $16) 39... Bxe6 {[%emt 0:00:01][%mdl 4096] Endgame KBB-KBN} 40. Kf2 Kf7 41. Ke2 g5 42. Bh3 gxf4 (42... g4 $11 43. Bf1 Bf8) 43. gxf4 $14 Kg6 44. Kf2 Bf8 $1 45. Bf1 (45. Nc2 $1 $14) 45... Be7 $15 46. Be2 Bh4+ 47. Kf1 $1 Bd8 48. Kf2 ({White should try} 48. Ke1 $15) 48... Bb6 $17 49. Bf1 {[%emt 0:00:09] [#] This costs White the game.} (49. Bd1 $17) 49... Bd4 (49... Kh5 $1 $19 50. Ke2 Kh4) 50. Ke2 Bb2 {[%emt 0:00:03] Black is more active.} 51. Nc2 (51. Kd2 {is tougher.}) 51... Bc1 52. a4 $2 (52. Ne3) 52... bxa4 $19 53. Kd1 Bxf4 {[%emt 0:00:03] Threatens to win with ...Bb3.} 54. Bxa6 Bb3 {[%emt 0:00:04][%cal Oa4a3] And now ...a3! would win. A strong pair of Bishops.} 55. b5 a3 56. b6 a2 {[%emt 0:00:01] Weighted Error Value: White=0.64/Black=0.23 (precise)} 0-1

[Event "Romanian Rapid Open 2022"]
[Site "Sebes"]
[Date "2022.12.02"]
[Round "2.17"]
[White "Secheres, Adrian-Simion"]
[Black "Tudor, Henry Edward"]
[Result "1-0"]
[ECO "E16"]
[WhiteElo "2365"]
[BlackElo "1943"]
[Annotator "TA"]
[PlyCount "82"]
[EventDate "2022.12.02"]
[EventType "rapid"]
[EventCountry "ROU"]
[SourceTitle "playchess.com"]
[Source "ChessBase"]
[SourceQuality "1"]
[TimeControl "600+5"]

1. d4 Nf6 2. c4 e6 3. Nf3 Bb4+ 4. Bd2 a5 5. g3 b6 6. Bg2 Bb7 7. O-O O-O 8. Bf4 Re8 {[%emt 0:01:12] E16: Queen's Indian: 4 g3 Bb7 5 Bg2 Bb4+.} 9. a3 (9. c5 $5 ) 9... Bf8 10. Nc3 d6 {[%emt 0:00:08] White is slightly better.} 11. Qc2 {[%emt 0:01:16] Inhibits Ne4.} Nbd7 12. Rfd1 {[%emt 0:00:06] [#]} Qc8 $146 ({Predecessor:} 12... Qe7 13. b3 h6 14. h3 c6 15. e4 e5 16. Be3 exd4 17. Nxd4 g6 18. Re1 Bg7 {½-½ (43) Sachdev,T (2399)-Pranav,V (2512) Novi Sad 2022}) 13. Bh3 Qb8 (13... h6 $5 ) 14. Rac1 e5 15. Be3 (15. Bxd7 Nxd7 16. dxe5 (16. Ng5 Nf6 $11) 16... Nxe5 $11) (15. dxe5 $16 Nxe5 16. Nxe5 dxe5 17. Bg5) 15... exd4 $11 16. Nxd4 Ne5 17. Bg5 {[%emt 0:00:19] aiming for Bxf6.} Be7 (17... Nfg4 $14) 18. Nf5 (18. Bxf6 $16 Bxf6 19. Nd5) 18... Bd8 $14 19. b3 (19. Nd5 {is more complex.} Neg4 20. Bf4 Ba6 21. Nd4) 19... Bc6 (19... h5 $14) 20. Bxf6 (20. Nd5 {feels hotter.} Neg4 21. Qb2 Re5 22. Bxg4 Bxd5 23. Bxf6 Bxf6 24. Nh6+) 20... Bxf6 21. Nd5 Qd8 22. Bg2 Rb8 23. Nd4 {[%emt 0:01:02] White is much more active. Pair of Knights!} ({But not} 23. f4 Bxd5 24. cxd5 (24. Bxd5 Ng4 $11) (24. Rxd5 Nc6 $14) (24. fxe5 Bxg2 25. Kxg2 Rxe5 $17) 24... Ng4 $11) 23... Bb7 (23... Bd7 $142) 24. b4 ({White should try} 24. Nb5) 24... axb4 $16 25. axb4 g6 26. h3 Bg7 27. Qd2 Qd7 28. Kh2 Qd8 (28... c5 $5 29. Nf3 Nxf3+ 30. Bxf3 Bxd5 31. Bxd5 cxb4 $11) 29. Rc2 Kh8 {[%emt 0:00:00] [#]} ({Better is} 29... h5 $14) 30. Qf4 (30. f4 $1 $16 ) 30... Kg8 $14 31. Qc1 Nd7 32. e3 Ne5 33. Ra2 Qc8 (33... c6 $14 34. Nf4 Ra8) 34. c5 $2 (34. f4 $16) 34... bxc5 35. bxc5 {[%emt 0:00:05] Strongly threatening c6.} Ra8 $2 {[%mdl 8192] Inhibits c6.} (35... Bxd5 $11 {and Black is okay.} 36. Bxd5 c6) 36. Rxa8 $18 Bxa8 {[%emt 0:00:08] [#]} 37. cxd6 $2 (37. c6 $1 $18 {is the precise move to win.}) 37... Bxd5 $16 38. Bxd5 cxd6 39. Qa3 Qc5 40. Qb3 {[%emt 0:00:05] Threatens to win with f4.} Kh8 (40... Rc8 $16) 41. Rd2 ({Don't do} 41. f4 Nd7 $16) (41. Bxf7 $18 Nxf7 42. Qxf7) 41... Qc7 {[%emt 0:00:00] Weighted Error Value: White=0.36/Black=0.30} 1-0

[Event "Romanian Rapid Open 2022"]
[Site "Sebes"]
[Date "2022.12.02"]
[Round "2.18"]
[White "Talu, Mircea"]
[Black "Jiros, Doru"]
[Result "1-0"]
[ECO "D61"]
[WhiteElo "2327"]
[BlackElo "1936"]
[Annotator "TA"]
[PlyCount "43"]
[EventDate "2022.12.02"]
[EventType "rapid"]
[EventCountry "ROU"]
[SourceTitle "playchess.com"]
[Source "ChessBase"]
[SourceQuality "1"]
[TimeControl "600+5"]

1. d4 d5 2. c4 c6 3. Nf3 Nf6 4. Nc3 e6 5. Bg5 h6 6. Bh4 Nbd7 7. e3 Be7 8. Qc2 O-O 9. Rd1 b6 10. Bd3 Bb7 11. O-O Rc8 {[%emt 0:00:31] D61: Queen's Gambit Declined: Classical: 7 Qc2.} 12. cxd5 exd5 (12... Nxd5 $11 13. Bxe7 Qxe7) 13. Bf5 $14 Re8 {[%emt 0:00:00] White is slightly better.} 14. Ne5 {[%emt 0:00:00] [#] White is much more active.} Nxe5 $146 ({Predecessor:} 14... c5 15. f4 cxd4 16. exd4 Rc7 17. Kh1 Nxe5 18. fxe5 Ne4 19. Be1 Bh4 20. g3 Bg5 {1-0 (44) Nguyen,T (2285)-Abdrlauf,E (2362) Chess.com INT 2020}) 15. dxe5 Nd7 16. e6 Nc5 {[%emt 0:00:00] [#] This move loses the game for Black.} (16... fxe6 $16 17. Bxe6+ Kh8) 17. exf7+ $18 Kxf7 18. Bxe7 Qxe7 19. Bxc8 ({Less strong is} 19. Bh7 Qf6 $14) 19... Bxc8 20. b4 {[%emt 0:00:02][%cal Bb2b4,Bb4b5,Bb5c6][%mdl 32] Prevents a5.} Ne6 21. b5 Kg8 22. bxc6 {[%emt 0:00:39] Weighted Error Value: White=0.06 (flawless) /Black=0.53} 1-0

[Event "Romanian Rapid Open 2022"]
[Site "Sebes"]
[Date "2022.12.02"]
[Round "2.19"]
[White "Bucur, Denisa-Andreea"]
[Black "Manea, Alexandru"]
[Result "0-1"]
[ECO "D10"]
[WhiteElo "1953"]
[BlackElo "2339"]
[Annotator "TA"]
[PlyCount "74"]
[EventDate "2022.12.02"]
[EventType "rapid"]
[EventCountry "ROU"]
[SourceTitle "playchess.com"]
[Source "ChessBase"]
[SourceQuality "1"]
[TimeControl "600+5"]

1. d4 d5 2. c4 c6 3. Nc3 Nf6 4. e3 a6 5. c5 Bf5 6. Nf3 {[%emt 0:00:05] D10: Slav Defence: 3 cxd5 (without early Nf3) and 3 Nc3.} Nbd7 {[%emt 0:00:05][%cal Oe7e5] 6...h6 is vanishing.} 7. Be2 Qc7 {[%emt 0:00:05] [#]} 8. b4 $146 {[%emt 0:00:05] White is slightly better.} (8. Nh4 $5 Bg6 9. O-O $14) ({Predecessor:} 8. Nh4 Be6 9. f4 g6 10. Bd2 Bg7 11. O-O Ne4 12. Be1 Nxc3 13. Bxc3 Nf6 14. b4 {½-½ (37) Tomazini,A (2283)-Plischki,S (2433) Pardubice 2014}) 8... e5 9. a4 Ne4 10. Bb2 Nxc3 11. Bxc3 e4 12. Nd2 Be7 13. b5 h5 14. b6 ({But not} 14. Bxh5 Bf6 $11) (14. Nb3 $14) 14... Qb8 $1 $11 15. Qb3 h4 16. h3 Be6 17. Qb2 f5 18. O-O-O Nf6 19. f4 Qc8 20. Nf1 Qd7 21. Nh2 Kf7 22. Rhg1 Rag8 23. g4 hxg3 24. Rxg3 Nh5 25. Bxh5+ Rxh5 26. Rdg1 g5 (26... Bh4 $17 27. Rg6 Bf6) 27. Qe2 Rgh8 28. fxg5 Rxh3 29. Nf1 Qd8 30. g6+ Kg7 31. Be1 R3h6 32. R3g2 Bh4 33. Ng3 Qf6 {[%emt 0:00:05] aiming for ...f4.} (33... Rxg6 $2 34. Nh5+ Kf8 35. Rxg6 $18) 34. Nf1 $2 (34. Rf1 $11 {and White is okay.}) 34... f4 $19 {[%emt 0:00:05] [#] And now ...f3 would win. Dancing on a razor blade.} 35. exf4 Qxd4 {[%emt 0:00:05] Black is clearly winning.} 36. Qb2 {[%emt 0:00:05] Prevents ?nota?.} (36. Bxh4 $142 Rxh4 37. Qb2 Qxb2+ 38. Kxb2) 36... Qxb2+ 37. Kxb2 Bxe1 {Weighted Error Value: White=0.46/Black=0.14 (very precise)} 0-1

[Event "Romanian Rapid Open 2022"]
[Site "Sebes"]
[Date "2022.12.02"]
[Round "2.20"]
[White "Itkis, Boris"]
[Black "Borodi, Cosmin-Alin"]
[Result "1-0"]
[ECO "E11"]
[WhiteElo "2343"]
[BlackElo "1919"]
[Annotator "TA"]
[PlyCount "49"]
[EventDate "2022.12.02"]
[EventType "rapid"]
[EventCountry "ROU"]
[SourceTitle "playchess.com"]
[Source "ChessBase"]
[SourceQuality "1"]
[TimeControl "600+5"]

1. d4 e6 2. Nf3 Nf6 3. c4 Bb4+ 4. Bd2 Bxd2+ 5. Qxd2 O-O 6. Nc3 {[%emt 0:00:02] E11: Bogo-Indian.} c6 (6... d5 $11) 7. e4 $16 d5 {[%emt 0:00:47] [#]} 8. e5 {[%emt 0:00:11] White is better.} Ne8 9. Bd3 {[%emt 0:00:27] [#]} dxc4 $146 ({Predecessor:} 9... h6 10. b3 b6 11. Bc2 Bb7 12. O-O Na6 13. a3 c5 14. cxd5 cxd4 15. Nxd4 exd5 {1-0 (27) Jenneborg,S (1995)-Caviglia,M (1596) LSS email 2014}) 10. Bxc4 Nd7 11. Bd3 c5 12. dxc5 {[%emt 0:00:18] White is much more active.} Nxc5 $2 {[%emt 0:00:06][%mdl 8192] [#]} (12... Qe7 $16) 13. Bxh7+ $1 $18 Kxh7 14. Qxd8 {[%emt 0:00:01] Intending Qh4+ and mate.} Kg8 15. O-O b6 16. Qh4 {[%emt 0:00:04] White threatens Ng5 and mate.} f6 {[%emt 0:00:16] Prevents Ng5.} 17. Rfe1 a5 18. Rad1 Bb7 19. exf6 Nxf6 20. Ng5 Rfe8 21. Rd6 Bd5 22. h3 {[%emt 0:00:18] White wants to mate with Nxd5.} Rab8 23. Nxd5 {[%emt 0:00:03] White mates.} exd5 24. Rxe8+ Rxe8 {[%emt 0:00:08] [#]} 25. Rxf6 $1 {[%emt 0:00:03] Black did not feel at home in the position after the opening.   Weighted Error Value: White=0.07 (flawless) /Black=0.31} 1-0

[Event "Romanian Rapid Open 2022"]
[Site "Sebes"]
[Date "2022.12.02"]
[Round "2.21"]
[White "Arion, Ilie"]
[Black "Ciorgovean, Iustin"]
[Result "0-1"]
[ECO "D00"]
[WhiteElo "1924"]
[BlackElo "2319"]
[Annotator "TA"]
[PlyCount "82"]
[EventDate "2022.12.02"]
[EventType "rapid"]
[EventCountry "ROU"]
[SourceTitle "playchess.com"]
[Source "ChessBase"]
[SourceQuality "1"]
[TimeControl "600+5"]

1. d4 Nf6 2. Nc3 d5 3. Bf4 a6 4. e3 e6 5. Nf3 b5 6. a3 {[%emt 0:00:02] D00: 1 d4 d5: Unusual lines.} c5 7. dxc5 Bxc5 8. Bd3 {[%emt 0:00:02] The position is equal.} Bb7 9. O-O Nbd7 10. Ne5 O-O {[%emt 0:00:46] [#]} 11. h3 $146 ({Predecessor:} 11. Ne2 Rc8 12. c3 Bd6 13. Nxd7 Qxd7 14. Bg3 e5 15. Bc2 Rfe8 16. Bh4 Be7 17. Ng3 {1-0 (30) Bettalli,F (2304)-Radovanovic,M (2438) Chess.com INT 2022}) 11... Rc8 12. Ne2 Nxe5 13. Bxe5 Nd7 14. Bh2 Qf6 15. c3 Nb6 16. Ng3 (16. Qc2 $15) 16... g6 17. Qg4 Qg7 18. Rfe1 Nc4 19. Bxc4 dxc4 20. e4 ({Better is} 20. a4) 20... Rfd8 21. e5 Rd2 22. Re2 Rcd8 $36 {[%emt 0:00:20][%mdl 2048] Black has strong initiative.} 23. Rae1 Qh6 {[%emt 0:00:54] Black is much more active.} 24. Ne4 $2 {[%emt 0:00:06][%mdl 8192] This move loses the game for White.} (24. Nf1 $17 Rxe2 25. Qxe2) 24... Rxe2 $19 25. Qxe2 Bxe4 26. Qxe4 Qd2 27. Bg3 Qxb2 28. Bh4 Rd5 29. Qf3 Qd2 {[%emt 0:00:22] Prevents Rd1.} 30. Rf1 Qd3 31. Qf6 (31. Ra1 $142 Qxf3 32. gxf3) 31... Qf5 32. a4 Qxe5 33. axb5 axb5 {[%emt 0:00:28] [#] And now ...Bd6 would win.} 34. Ra1 Qb8 {[%emt 0:00:31] Inhibits Ra8.} 35. Bg5 $2 (35. Bg3 {was necessary.} Bd6 36. Bxd6 Rxd6 37. Kf1) 35... Rf5 {[%emt 0:00:05] Black is clearly winning.} 36. Qd8+ Qxd8 37. Bxd8 Rxf2 {[%emt 0:00:02] [#] Strongly threatening ...Ra2+.} 38. Kh1 Kg7 39. Rb1 Bd6 {[%emt 0:00:07][%cal Ob5b4] aiming for ...b4!} 40. Bb6 Rf5 41. Bd4+ Be5 $2 {[%emt 0:00:02] Weighted Error Value: White=0.57/Black=0.42} (41... e5 42. Bb6 e4) 0-1

[Event "Romanian Rapid Open 2022"]
[Site "Sebes"]
[Date "2022.12.02"]
[Round "2.22"]
[White "Cosma, Elena-Luminita"]
[Black "Saioc, David"]
[Result "1-0"]
[ECO "D10"]
[WhiteElo "2244"]
[BlackElo "2026"]
[Annotator "TA"]
[PlyCount "29"]
[EventDate "2022.12.02"]
[EventType "rapid"]
[EventCountry "ROU"]
[SourceTitle "playchess.com"]
[Source "ChessBase"]
[SourceQuality "1"]
[TimeControl "600+5"]

1. d4 d5 2. c4 c6 3. cxd5 cxd5 4. Bf4 Bf5 5. Nc3 Nc6 6. e3 {[%emt 0:00:05] D10: Slav Defence: 3 cxd5 (without early Nf3) and 3 Nc3.} (6. e4 {feels hotter.} e5 7. dxe5 dxe4 8. Bb5) 6... e6 7. Qb3 Qd7 {[%emt 0:01:12] 7...Bb4 might become the main line.} 8. Bb5 {[%emt 0:01:24] The position is equal.} a6 9. Bxc6 Qxc6 10. Nf3 {[%emt 0:00:02][%cal Oe3e4] Hoping for e4!} b5 {[%emt 0:01:33] Inhibits e4.} 11. O-O {[%emt 0:00:05][%cal Og2g4] [#]} Nf6 $146 {[%emt 0:00:03] [#] Prevents g4.} ({Black should play} 11... Bd6 $14) ({Predecessor:} 11... Bd6 12. Rfc1 Bxf4 13. exf4 {½-½ (13) Jacimovic,D (2406)-Stojchev,G (2264) Struga 2007}) 12. Rfc1 $1 $18 {[%emt 0:00:20] And now a4 would win.} Qc4 {[%emt 0:01:22] Prevents a4.} (12... Qb6 $16 {is a better defense.} 13. Na4 Qd8) 13. Ne5 Qxb3 14. axb3 {[%emt 0:00:02] Threatens to win with Nxb5.} b4 (14... Bb4 15. Nxb5 O-O) 15. Nb5 {[%emt 0:00:19] Black did not feel at home in the position after the opening.   Weighted Error Value: White=0.03 (flawless) /Black=0.46} 1-0

[Event "Romanian Rapid Open 2022"]
[Site "Sebes"]
[Date "2022.12.02"]
[Round "2.24"]
[White "Ileana, George"]
[Black "Maresanu, Mina-Andrei"]
[Result "1-0"]
[ECO "A04"]
[WhiteElo "2343"]
[BlackElo "1877"]
[Annotator "TA"]
[PlyCount "63"]
[EventDate "2022.12.02"]
[EventType "rapid"]
[EventCountry "ROU"]
[SourceTitle "playchess.com"]
[Source "ChessBase"]
[SourceQuality "1"]
[TimeControl "600+5"]

1. e4 c5 2. Nf3 Nc6 3. g3 g6 4. Bg2 Bg7 5. O-O e6 6. c3 {[%emt 0:00:02] A04: Unusual lines after 1 Nf3 and King's Indian Attack.} Nge7 7. d4 cxd4 8. cxd4 {[%emt 0:00:03] White has an edge.} d5 9. e5 O-O 10. Nc3 Bd7 11. Bf4 Rc8 12. Qd2 Na5 13. b3 {[%emt 0:00:05] [#] Prevents Nc4.} Qb6 $146 {[%emt 0:00:00] White leaves nothing to chance now.} (13... Nac6 $14) ({Predecessor:} 13... b5 14. Rac1 Qb6 15. Ne2 Nb7 16. Bh6 b4 17. Bxg7 Kxg7 18. Qg5 Ng8 {½-½ (87) Morgunov,M (2129)-Schernthaner,D (1914) Tornelo INT 2020}) 14. Bg5 $16 Nec6 15. Rac1 f5 (15... Rfe8 $16 {was worth a try.} 16. Na4 Qb4) 16. Na4 $18 Qc7 17. Nc5 b6 18. Nd3 Qb8 19. h4 Rfe8 $2 (19... Nd8 {was necessary.} 20. Rxc8 Qxc8) 20. h5 {[%emt 0:00:10] [#] aiming for hxg6.} Nb7 $2 (20... Ne7 21. Bf6 h6 22. Bxe7 Rxe7 23. hxg6 Rxc1) 21. hxg6 hxg6 22. Nf4 Kf7 23. Nh4 Rg8 24. Nfxg6 Bf8 25. Nxf8 Rcxf8 26. Bf6 {[%emt 0:00:21] A strong pair of Bishops.} Ke8 27. Qe3 Nbd8 28. Rc3 Bc8 29. Rfc1 Bb7 30. Bf1 Na5 31. Bb5+ Kf7 32. Rc7+ {[%emt 0:00:06] Weighted Error Value: White=0.42/Black=0.75} 1-0

[Event "Romanian Rapid Open 2022"]
[Site "Sebes"]
[Date "2022.12.02"]
[Round "2.25"]
[White "Danila, Tudor-Gabriel"]
[Black "Cnejev, Vladimir-Alexandru"]
[Result "0-1"]
[ECO "C47"]
[WhiteElo "1939"]
[BlackElo "2293"]
[Annotator "TA"]
[PlyCount "114"]
[EventDate "2022.12.02"]
[EventType "rapid"]
[EventCountry "ROU"]
[SourceTitle "playchess.com"]
[Source "ChessBase"]
[SourceQuality "1"]
[TimeControl "600+5"]

1. e4 e5 2. Nf3 Nc6 3. Nc3 Nf6 4. d4 exd4 5. Nxd4 Bb4 6. Nxc6 bxc6 7. Bd3 O-O 8. O-O d5 9. exd5 cxd5 10. h3 {[%emt 0:00:01] Against Bg4. C47: Scotch Four Knights and Four Knights with 4 g3.} c6 11. Qf3 Re8 12. Bf4 {[%emt 0:00:44] The position is equal.} Be6 13. Rfd1 {[%emt 0:01:17] 13.Rad1 is a critical line.} Bd6 14. Ne2 Rb8 15. b3 c5 16. c4 d4 {[%emt 0:00:36] [#]} 17. Bg5 $146 (17. Rab1 {simplifies} Bxf4 18. Qxf4 a5 19. Re1) ({Predecessor:} 17. Re1 Bc8 18. Bxd6 Qxd6 19. Ng3 Rxe1+ 20. Rxe1 Bb7 21. Nf5 Bxf3 22. Nxd6 Bc6 23. Re5 {1-0 (35) Ekstroem,R (2377)-Arcuti,D (2288) Flims 2016}) 17... Be5 (17... h6 $1 $15 18. Bxf6 Qxf6 19. Qxf6 gxf6) 18. Re1 h6 19. Bd2 Qc7 (19... Bc8 $1 $15 20. Qc6 Qe7) 20. Rad1 Bd7 21. Bf4 (21. Nf4 $1 $11) 21... Bc6 $1 $17 22. Bxe5 (22. Qg3 $17) 22... Rxe5 $19 23. Qg3 Rbe8 24. Rf1 Qa5 {[%emt 0:00:57] Strongly threatening ...Rg5.} 25. Nc1 $2 (25. Nf4) 25... Kh8 $2 (25... Rg5 $19 {is more deadly.} 26. Qh2 Rxg2+ 27. Qxg2 Bxg2 28. Kxg2 Nh5) 26. f3 Qc3 (26... Nh5 $17 27. Qh2 Qd8) 27. Bb1 (27. Qf4 $11 {keeps the balance.}) 27... Nh5 $17 28. Qh4 (28. Qf2 $17) 28... Qe3+ 29. Kh2 {[%emt 0:00:26] aiming for f4.} Qf4+ $2 (29... Nf4 $1 $19 30. Qf2 a5) 30. Qxf4 $15 Nxf4 31. g3 {[%emt 0:00:11] [#]} (31. b4 $15) 31... Nh5 {[%emt 0:00:12] Black is much more active.} (31... Re2+ $1 $17 32. Nxe2 Rxe2+ 33. Kh1 Nxh3) 32. Nd3 $2 (32. Kg2 $15) 32... Re2+ $19 33. Kg1 $2 (33. Rf2 {is the only way for White.} Rxf2+ 34. Nxf2) 33... Nxg3 34. Rf2 Nh5 $2 (34... R2e3 $19 {and Black stays clearly on top.} 35. Kh2 Bxf3) 35. Nxc5 $17 Nf4 36. Rxe2 Rxe2 (36... Nxe2+ $19 37. Kf2 Nc3) 37. Rxd4 $11 Nxh3+ (37... g5 $5 38. Be4 Nxh3+ 39. Kf1 Rf2+ 40. Ke1 Bxe4 41. Nxe4 Rxa2 $11) 38. Kf1 Rf2+ 39. Ke1 {[%emt 0:00:02] White threatens Rd8+ and mate.} g6 $1 40. Be4 Bxe4 41. fxe4 (41. Nxe4 $14 {stays ahead.} Rxa2 42. c5) 41... Rxa2 $14 {[%emt 0:00:00][%mdl 4096] Endgame KRN-KRN} 42. Rd7 (42. e5 $17) 42... Kg7 $2 (42... Ng5 $19 {White must now prevent ...h5.} 43. Nd3 a5) 43. Nd3 $2 (43. e5 $11 Kf8 44. e6) 43... Ng5 {[%emt 0:00:05] Threatens to win with ...h5.} 44. Rd4 $2 (44. c5) 44... h5 $2 (44... Nf3+ 45. Kf1 Nxd4) 45. c5 $2 (45. Kf1) 45... h4 $2 (45... Nf3+ 46. Kf1 Nxd4) 46. Rc4 $2 (46. Ra4 Nf3+ 47. Kf1) 46... h3 $19 47. Nf2 h2 {[%emt 0:00:04][%cal Oa2f2] ( -> ...Rxf2!)} 48. Nh1 Ra1+ 49. Kf2 Rxh1 {[%emt 0:00:02] KRN-KR} 50. Kg2 Re1 51. Kxh2 Rxe4 52. Rc3 Re2+ 53. Kg1 Re7 54. Kg2 Ne4 55. Rc4 f5 56. b4 Rc7 57. Kf1 Nd2+ {[%emt 0:00:01] Weighted Error Value: White=0.93/Black=0.70} 0-1